 Seeded DCSS version 0.31-a0-557-g6e16503903 (webtiles) character file.

Game seed: 16161720884980326079 (custom seed)

53 innerfire43 the Trooper (level 3, 0/29 HPs)
             Began as a Demonspawn Monk on Aug 16, 2023.
             Was a Priest of Cheibriados.
             Slain by a kobold
             ... wielding a +0 dagger
              (2 damage)
             ... on level 2 of the Dungeon.
             The game lasted 00:01:12 (648 turns).

innerfire43 the Trooper (Demonspawn Monk)            Turns: 648, Time: 00:01:13

Health: 0/29       AC:  2    Str: 20    XL:     3   Next: 64%
Magic:  3/3        EV: 14    Int: 18    God:    Cheibriados [***...]
Gold:   44         SH:  0    Dex: 22    Spells: 2/2 levels left

rFire   . . .        a - +0 mace
rCold   . . .        d - orb {light}
rNeg    . . .        b - +0 robe
rPois   .            (helmet restricted)
rElec   .            (no cloak)
rCorr   .            (no gloves)
SInv    .            (no boots)
Will    .....        j - amulet of faith
Stlth   +            (no ring)
HPRegen 0.24/turn    (no ring)
MPRegen 0.08/turn

%: faith
@: glowing, very slow
A: antennae 1, spiny 1
a: Renounce Religion, Bend Time, Temporal Distortion


You were on level 2 of the Dungeon.
You worshipped Cheibriados.
Cheibriados was most pleased with you.
You visited 1 branch of the dungeon, and saw 2 of its levels.

You collected 44 gold pieces.

Inventory:

Hand Weapons
 a - a +0 mace (weapon)
Armour
 b - a +0 robe (worn)
 d - an orb of light (worn)
 g - a +0 helmet
Jewellery
 j - an amulet of faith (around neck)
Scrolls
 e - a scroll of brand weapon {unknown}
 h - 2 scrolls of silence {unknown}
 l - a scroll of fog {unknown}
Potions
 c - a potion of ambrosia
 f - a potion of heal wounds {unknown}
 i - a potion of haste {unknown}
 k - a potion of attraction {unknown}


   Skills:
 + Level 3.4 Fighting
 + Level 3.1 Maces & Flails
 + Level 1.1 Armour
 + Level 3.1 Dodging


You had 2 spell levels left.
You didn't know any spells.
Your spell library was empty.

Dungeon Overview and Level Annotations

Branches:
Dungeon (2/15)

Altars:
Cheibriados


Innate Abilities, Weirdness & Mutations

You have a pair of small antennae on your head.
You are partially covered in sharp spines.


Message History

Cheibriados appreciates the change of pace.
Terence hits you with a +0 morningstar.
* * * LOW HITPOINT WARNING * * *
You barely miss Terence.
Terence is almost dead.
The goblin closely misses you. Terence misses you.
Unknown command.
You hit Terence.
Terence is almost dead.
The goblin hits you with a +0 club.
* * * LOW HITPOINT WARNING * * *
Terence hits you with a +0 morningstar.
* * * LOW HITPOINT WARNING * * *
You hit Terence but do no damage.
Terence is almost dead.
The goblin hits you with a +0 club.
* * * LOW HITPOINT WARNING * * *
Terence is struck by your spines.
You kill Terence!
Cheibriados thoroughly appreciates the change of pace.
The goblin is struck by your spines.
You kill the goblin!
Cheibriados thoroughly appreciates the change of pace.
Cheibriados raises the support of your attributes as your movement slows.
The kobold throws a stone.
The stone hits you but does no damage.
Your Armour skill increases to level 1!
You have reached level 3!
Your experience leads to an increase in your attributes!
Your base attributes are Str 11, Int 11, Dex 15.
Increase (S)trength, (I)ntelligence, or (D)exterity?
You feel stronger. x2; Your demonic ancestry asserts itself...
A pair of antennae grows on your head! The worm misses you.
You sock the worm!
The worm is heavily wounded.
The worm is struck by your spines. The worm completely misses you.
You hit the worm.
The worm is almost dead.
The kobold hits you with a +0 dagger.
You die...

###'#.. .....#
.....# .... ...
#'#
...######)#######
......w@K))......
.......##.#######
.....#.
#....###### ..##
#..####......# #
##.# #......#
#..# #......#
#..###.....#
###..##.....#
(...........#


You could see a worm and a kobold.

Vanquished Creatures
  Terence (D:2)
  An adder (D:2)
  A dart slug (D:1)
  An endoplasm (D:1)
  3 goblins (D:2)
  2 hobgoblins
  4 kobolds (D:1)
  A quokka (D:1)
  A ball python (D:2)
  A frilled lizard (D:1)
  2 rats (D:2)
18 creatures vanquished.

Notes
Turn   | Place    | Note
-------+----------+-------------------------------------------
     0 | D:1      | innerfire43 the Demonspawn Monk began the quest for the
                  | Orb.
     0 | D:1      | Reached XP level 1. HP: 18/18 MP: 1/1
    96 | D:1      | Found a faded altar of an unknown god.
   156 | D:1      | Gained mutation: You are partially covered in sharp spines.
                  | [demonic ancestry]
   156 | D:1      | Reached XP level 2. HP: 17/24 MP: 2/2
   158 | D:1      | Prayed at the altar of an unknown god.
   158 | D:1      | Became a worshipper of Cheibriados the Contemplative
   158 | D:1      | Reached * piety under Cheibriados
   158 | D:1      | Reached ** piety under Cheibriados
   614 | D:2      | Reached *** piety under Cheibriados
   633 | D:2      | Noticed Terence
   645 | D:2      | HP: 1/24 [goblin/+0 club (1)]
   645 | D:2      | Killed Terence
   646 | D:2      | Reached skill level 1 in Armour
   646 | D:2      | Gained mutation: You have a pair of small antennae on your
                  | head. [demonic ancestry]
   646 | D:2      | Reached XP level 3. HP: 1/29 MP: 3/3
   648 | D:2      | Slain by a kobold

Illustrated notes

Levels and vault maps discovered:
D:1:      nzn_arrival_settlement, layout_rooms,
          shapermc_ecumenical_altar_starsandcircs
D:2:      layout_basic, feat_on_display, uniq_jessica, uniq_robin,
          uniq_crazy_yiuf_cottage, uniq_terence

Skill      XL: |  1  2 |
---------------+-------+-----
Maces & Flails | 3 |  3.1
Dodging        | 3 |  3.1
Armour         | 1 |  1.1
Fighting       | |  3.4

Action                     || total
---------------------------++-------
  Melee: Mace              ||    43
    Use: Potion            ||     1
 Armour: Robe              ||     6
  Dodge: Dodged            ||    43

Table legend: (Time is in decaauts)
 A = Elapsed time spent in this place.
 B = Non-inter-level travel time spent in this place.
 C = Inter-level travel time spent in this place.
 D = Time resting spent in this place.
 E = Time spent auto-exploring this place.
 F = Levels seen in this place.
 G = Mean time per level.
                   A        B        C        D        E       F      G
               +--------+--------+--------+--------+--------+-----+--------+
         Total |    871 |    811 |     60 |      0 |    652 |   2 |  435.5 |
       Dungeon |    871 |    811 |     60 |      0 |    652 |   2 |  435.5 |
               +--------+--------+--------+--------+--------+-----+--------+

Top non-repeatable levels by time:
     D:1: 734 daAuts
     D:2: 137 daAuts
